 Dungeon Crawl Stone Soup version 0.30.0-29-ga12c61a403 (webtiles) character file.

Game seed: 8097734614585941687

490 MacCMillion the Chiller (level 7, -1/52 HPs)
             Began as a Merfolk Ice Elementalist on June 10, 2023.
             Slain by Blork the orc
             ... wielding a +11 quarterstaff
              (6 damage)
             ... on level 4 of the Dungeon.
             The game lasted 00:09:22 (3400 turns).

MacCMillion the Chiller (Merfolk Ice Elementalist)  Turns: 3400, Time: 00:09:23

Health: -1/52      AC:  2    Str:  6 (7)  XL:     7   Next: 14%
Magic:  8/11       EV: 15    Int: 16      God:
Gold:   237        SH:  0    Dex: 18      Spells: 3/12 levels left

rFire   . . .        g - +2 sling (drain)
rCold   . . .        (no shield)
rNeg    . . .        a - +0 robe
rPois   .            (no helmet)
rElec   .            (no cloak)
rCorr   .            (no gloves)
SInv    .            (no boots)
Will    .....        (no amulet)
Stlth   ++           (no ring)
HPRegen 0.28/turn    (no ring)
MPRegen 0.12/turn

%: no passive effects
@: freezing walls
A: (nimble swimmer 2), mertail, agile 1, wild magic 3
a: no special abilities


You were on level 4 of the Dungeon.
You visited 1 branch of the dungeon, and saw 4 of its levels.

You collected 237 gold pieces.

Inventory:

Hand Weapons
 c - a +1 whip of freezing
 g - a +2 sling of draining (weapon)
Missiles
 p - 2 throwing nets
Armour
 a - a +0 robe (worn)
Jewellery
 f - a ring of positive energy
Wands
 d - a wand of polymorph (8)
Scrolls
 e - a scroll of fog {unknown}
 i - 2 scrolls of identify {unknown}
 j - 2 scrolls of poison {unknown}
 m - a scroll of blinking {unknown}
 n - 3 scrolls of teleportation {unknown}
 o - a scroll of torment {unknown}
 q - a scroll of amnesia {unknown}
Potions
 b - a potion of magic
 h - 2 potions of degeneration
 k - a potion of resistance {unknown}
 l - a potion of ambrosia {unknown}
 r - a potion of haste {unknown}
 s - a potion of curing {unknown}


   Skills:
 + Level 3.3 Fighting
 + Level 5.1 Dodging
 - Level 2.1 Stealth
 - Level 3.0 Spellcasting
 - Level 7.0 Ice Magic


You had 3 spell levels left.
You knew the following spells:

 Your Spells              Type           Power      Damage    Failure   Level
a - Freeze                Ice            100%       1d10      7%          1
b - Frozen Ramparts       Ice            94%        1d15      13%         3
c - Ozocubu's Armour      Ice            47%        N/A       13%         3
d - Ensorcelled Hibernat  Hex/Ice        50%        N/A       22%         2

Your spell library contained the following spells:

 Spells                   Type           Power      Damage    Failure   Level
 Passwall                 Tmut/Erth      3%         N/A       54%         2
 Spider Form              Tmut/Pois      4%         N/A       75%         3
 Swiftness                Air            4%         N/A       75%         3
 Vhi's Electric Charge    Tloc/Air       8%         N/A       75%         3
 Summon Ice Beast         Ice/Summ       25%        N/A       67%         4
 Anguish                  Hex/Necr       2%         N/A       97%         4
 Arcjolt                  Conj/Air       2%         1d12      100%        5
 Plasma Beam              Fire/Air       2%         2x1d13    100%        6


Dungeon Overview and Level Annotations

Branches:
Dungeon (4/15)
 Temple: D:4-7

Altars:

Annotations:
D:4 Blork the orc


Innate Abilities, Weirdness & Mutations

((You are very nimble when in or above water. (Stealth+, EV+, Speed+++)))
Your lower body shifts to a powerful aquatic tail in water.
You are agile. (Dex +4, Str/Int -1)
Your spells are much harder to cast, but much more powerful.


Message History

The sling bullet closely misses the orc wizard.
The wall freezes the orc wizard!
You kill the orc wizard!
Your Dodging skill increases to level 5!
You start resting.
The frozen ramparts melt away.
Magic restored.
HP restored.
Found 7 stones.
You see here 7 stones.
Found a leather armour.
You see here a +0 leather armour.
Blork the orc comes into view.
He is wielding a +11 quarterstaff.
Blork the orc is nearby!
Blork the orc looks satisfied for a moment.
Press: ? - help, v - describe, . - travel
Here: Blork the orc, wielding a +11 quarterstaff and wearing a +0 robe (thin mist)
The floor.
Unknown command.
Unknown command.
Blork the orc attacks as you move away!
Blork the orc hits you with a +11 quarterstaff!
Blork the orc attacks as you move away!
Blork the orc hits you with a +11 quarterstaff!
Blork the orc attacks as you move away! Blork the orc closely misses you.
Blork the orc attacks as you move away! Blork the orc misses you.
Blork the orc attacks as you move away!
Blork the orc hits you with a +11 quarterstaff!
* * * LOW HITPOINT WARNING * * *
Blork the orc attacks as you move away!
Blork the orc hits you with a +11 quarterstaff!
* * * LOW HITPOINT WARNING * * *
Casting: Frozen Ramparts (dangerous; 13% risk of failure)
Confirm with . or Enter, or press ? or * to list all spells.
Casting: Frozen Ramparts (dangerous; 13% risk of failure)
Press: ? - help, Dir - look around, f - activate The walls around you are covered in ice.
The wall freezes Blork the orc.
Blork the orc hits you with a +11 quarterstaff.
You die...

#.§§# #...#[
#§§§# ##÷.#.
#§§§# ##..'.
#§§§# #...##
#§§§# #...#.
##§§§## ##..#.
#§§§§§# #.)#.
#..o.§# #..).
###@##### #..##
#.....###########
#####[........#
.# #####.######.#
#.# #.# #.# #.#
#.# #.# #.# #)#
#.######.#


You could see Blork the orc.

Vanquished Creatures
  A sky beast (D:4)
  A kobold brigand (D:4)
  A bullfrog (D:4)
  A scorpion (D:4)
  A hound (D:4)
  An orc wizard (D:4)
  Robin (D:3)
  3 adders (D:3)
  4 gnolls (D:3)
  An ufetubus (D:4)
  A worm (D:2)
  3 dart slugs
  3 orcs (D:4)
  4 ball pythons
  5 endoplasms
  2 giant cockroaches
  10 goblins
  5 hobgoblins
  4 jackals
  5 kobolds
  A quokka (D:4)
  3 bats
  3 frilled lizards
  8 rats
72 creatures vanquished.

Notes
Turn   | Place    | Note
-------+----------+-------------------------------------------
     0 | D:1      | MacCMillion the Merfolk Ice Elementalist began the quest
                  | for the Orb.
     0 | D:1      | Reached XP level 1. HP: 13/13 MP: 3/3
    95 | D:1      | Reached XP level 2. HP: 18/19 MP: 0/5
   161 | D:1      | Found a faded altar of an unknown god.
   491 | D:1      | Reached XP level 3. HP: 22/24 MP: 2/6
   835 | D:1      | Reached skill level 5 in Ice Magic
  1525 | D:3      | Reached XP level 4. HP: 3/30 MP: 1/8
  1662 | D:3      | Noticed Robin
  1796 | D:2      | Learned a level 2 spell: Ensorcelled Hibernation
  1800 | D:2      | Learned a level 3 spell: Frozen Ramparts
  1804 | D:2      | Learned a level 3 spell: Ozocubu's Armour
  1811 | D:3      | Killed Robin
  1994 | D:3      | Reached skill level 6 in Ice Magic
  2039 | D:3      | Reached XP level 5. HP: 35/35 MP: 5/9
  2710 | D:4      | Reached skill level 7 in Ice Magic
  2710 | D:4      | Reached skill level 1 in Fighting
  2710 | D:4      | Reached XP level 6. HP: 43/43 MP: 6/10
  2747 | D:4      | Noticed a sky beast
  2751 | D:4      | Killed a sky beast
  2819 | D:4      | Gained mutation: Your spells are a little harder to cast,
                  | but a little more powerful. [potion of mutation]
  2819 | D:4      | Gained mutation: Your spells are harder to cast, but more
                  | powerful. [potion of mutation]
  2819 | D:4      | Gained mutation: Your spells are much harder to cast, but
                  | much more powerful. [potion of mutation]
  2819 | D:4      | Gained mutation: You are agile. (Dex +4, Str/Int -1)
                  | [potion of mutation]
  3121 | D:4      | Reached XP level 7. HP: 52/52 MP: 4/11
  3223 | D:4      | Reached skill level 5 in Dodging
  3389 | D:4      | Noticed Blork the orc
  3400 | D:4      | Slain by Blork the orc

Illustrated notes

Levels and vault maps discovered:
D:1:      ldierk_walled_garden, layout_basic, serial_curves, eino_curves_04,
          eino_curves_02, nicolae_ecumenical_lake_church
D:2:      layout_rooms, mrwooster_statue_mirror, nicolae_elevator_lobby_asterisk
D:3:      layout_loops_ring, hangedman_abyss_or_decor_stabs, uniq_robin
D:4:      minmay_chambers_of_twos, layout_loops_ring,
          beargit_hepliaklqana_dungeon_heroes, amethyst_overflow_temple_binary,
          uniq_crazy_yiuf_cottage, uniq_pikel

Skill      XL: |  1  2  3  4  5  6  7 |
---------------+----------------------+-----
Ice Magic      | 5 6 7 |  7.0
Spellcasting   | 3 |  3.0
Fighting       | 1 3 |  3.3
Dodging        | 3 4 5 |  5.1
Stealth        | |  2.1

Action                     |  1- 3 |  4- 6 |  7- 9 || total
---------------------------+-------+-------+-------++-------
  Melee: Whip              |     7 |     7 |       ||    14
   Fire: Sling             |    37 |    45 |    11 ||    93
   Cast: Freeze            |    28 |    22 |       ||    50
         Frozen Ramparts   |       |    10 |     3 ||    13
         Ensorcelled Hiber |       |     1 |       ||     1
         Ozocubu's Armour  |       |     1 |       ||     1
    Use: Potion            |       |     2 |       ||     2
 Armour: Robe              |     6 |    16 |       ||    22
  Dodge: Dodged            |    14 |    56 |     2 ||    72
